 Dungeon Crawl Stone Soup version 0.26.0-16-gc1dbca0489 (webtiles) character file.

Game seed: 17367111349212716736

2546 hawla the Conjurer (level 9, 0/57 HPs)
             Began as a Yellow Draconian Conjurer on Jan 18, 2021.
             Was an Initiate of Vehumet.
             Killed from afar by an electric eel (7 damage)
             ... with a bolt of electricity
             ... on level 8 of the Dungeon.
             The game lasted 00:20:48 (9198 turns).

hawla the Conjurer (Yellow Draconian Conjurer)      Turns: 9198, Time: 00:20:50

Health: 0/57       AC:  8    Str: 10    XL:     9   Next: 30%
Magic:  22/22      EV: 27    Int: 20    God:    Vehumet [......]
Gold:   371        SH:  0    Dex:  9    Spells: 15/22 levels left

rFire    . . .     SeeInvis .   p - +1 quarterstaff
rCold    . . .     Faith    .   (shield currently unavailable)
rNeg     . . .     Spirit   .   (armour unavailable)
rPois    .         Reflect  .   (helmet restricted)
rElec    .         Harm     .   b - +0 cloak
rCorr    +         Rampage  .   (no gloves)
Will     .....                  (no boots)
Stlth    +.........             n - amulet of the acrobat
HPRegen  0.19/turn              (no ring)
MPRegen  0.18/turn              (no ring)

@: acrobat
A: spit acid, unfitting armour, hooves 1, dopey 1, frail 1, high mp 1,
cold-blooded, acid resistance, AC +7
a: Breathe Acid, Renounce Religion


You were on level 8 of the Dungeon.
You worshipped Vehumet.
Vehumet was noncommittal.
You visited 2 branches of the dungeon, and saw 9 of its levels.

You collected 371 gold pieces.

Inventory:

Hand Weapons
 p - a +1 quarterstaff (weapon)
Missiles
 g - 25 poisoned darts
 h - 7 boomerangs
 o - a throwing net
Armour
 b - a +0 cloak (worn)
Jewellery
 i - an uncursed ring of ice
 n - an amulet of the acrobat (around neck)
Wands
 l - a wand of enslavement (11)
 v - a wand of acid (14)
Scrolls
 d - 2 scrolls of identify
 f - 3 scrolls of teleportation
 m - a scroll of amnesia
 w - a scroll of remove curse
Potions
 a - 3 potions of brilliance
 c - 2 potions of berserk rage
 e - 3 potions of curing {unknown}
 j - a potion of flight {unknown}
 k - a potion of resistance {unknown}
 s - a potion of lignification
 t - a potion of degeneration {unknown}
 u - a potion of mutation


   Skills:
 - Level 1.0 Fighting
 + Level 3.1 Staves
 - Level 1.0 Throwing
 - Level 2.0 Dodging
 - Level 1.7 Stealth
 + Level 7.3 Spellcasting
 + Level 7.6 Conjurations
 + Level 6.3 Translocations
 - Level 1.0 Evocations


You had 15 spell levels left.
You knew the following spells:

 Your Spells              Type           Power        Failure   Level
a - Magic Dart            Conj           100%         1%          1
b - Searing Ray           Conj           74%          1%          2
c - Iskenderun's Mystic   Conj/Tloc      35%          5%          4

Your spell library contained the following spells:

 Spells                   Type           Power        Failure   Level
 Dazzling Flash           Conj/Hex       44%          6%          3
 Beastly Appendage        Tmut           14%          9%          1
 Wereblood                Tmut           7%           14%         2
 Fulminant Prism          Conj/Hex       11%          19%         4
 Spider Form              Tmut/Pois      3%           26%         3
 Ice Form                 Ice/Tmut       7%           65%         4
 Blade Hands              Tmut           3%           94%         5


Dungeon Overview and Level Annotations

Branches:
Dungeon (8/15)             Temple (1/1) D:7
   Lair: D:8-11

Altars:
Ashenzari
Cheibriados
Dithmenos
Elyvilon
Fedhas
Gozag
Hepliaklqana
Kikubaaqudgha
Nemelex Xobeh
Okawaru
Ru
Sif Muna
Trog
Uskayaw
Vehumet
Wu Jian
Xom
Yredelemnul
Zin
The Shining One

Annotations:
D:5 1 runed translucent door, Gadfly's ghost, novice FoAK
D:6 3 runed translucent doors, SturgillTurtle's ghost, novice MiFi


Innate Abilities, Weirdness & Mutations

You can spit globs of acid.
Your golden yellow scales are hard. (AC +7)
You cannot fit into any form of body armour.
You are cold-blooded and may be slowed by cold attacks.
You are resistant to acid. (rCorr)
You have large cloven feet.
You are dopey. (Int -2)
You are frail. (-10% HP)
You have an increased reservoir of magic. (+10% MP)


Message History

You hear the brisk hiss of a very distant avalanche of sand.
The electric eel shoots out a bolt of lightning at you!
The bolt of electricity hits the plant!
The plant begins to die.
The bolt of electricity hits you!
The electric eel shoots out a bolt of lightning at you!
The bolt of electricity hits the plant!
The bolt of electricity hits the electric eel.
The electric eel completely resists.
The bolt of electricity hits you!
The electric eel shoots out a bolt of lightning at you!
The bolt of electricity hits you! The bolt of electricity misses you.
The electric eel shoots out a bolt of lightning at you!
The bolt of electricity hits you.
* * * LOW HITPOINT WARNING * * *
The electric eel shoots out a bolt of lightning at you!
The bolt of electricity hits the plant!
The bolt of electricity hits the electric eel.
The electric eel completely resists.
The bolt of electricity hits you.
* * * LOW HITPOINT WARNING * * *
The bolt of electricity hits you!
You die...

####.#### #.# .. ##.###
♣≈≈≈ #.# ♣. ♣....# ≈≈P≈
#.# ♣.♣♣###.# ≈≈≈≈≈ #.#
♣♣≈P #.## ≈≈≈;≈ #.# ♣P≈P
#..# ≈≈≈≈P≈#.#♣♣ ♣♣≈≈♣♣♣
♣♣.#
≈≈;≈≈;#..P♣♣♣≈≈≈≈.♣♣♣♣.#
≈≈≈≈♣..@...≈≈.≈..≈≈≈≈.?#
........#♣≈♣P♣≈≈≈♣♣♣≈.##
≈≈≈≈≈....♣♣♣♣♣≈≈♣♣ ♣♣♣#
≈≈≈P♣##...♣♣.♣♣≈♣♣ ≈≈≈
##.......♣♣.≈♣
≈♣♣..........♣≈≈♣♣
..##.......♣P.♣ #
##.........# #...<....##


You could see 3 electric eels.

Vanquished Creatures
  A wyvern (D:3)
  Edmund (D:6)
  A water moccasin (D:6)
  A sky beast (D:5)
  Duvessa (D:6)
  3 phantoms
  2 centaurs (D:5)
  4 ogres
  A big kobold (D:7)
  A bullfrog (D:6)
  2 scorpions
  Dowan (D:6)
  4 orc priests
  2 hounds
  2 jellies (D:4)
  A gnoll shaman (D:6)
  2 iguanas
  3 centaur skeletons
  Ijyb (D:3)
  2 orc wizards
  6 worker ants
  A worker ant zombie (D:7)
  7 adders
  9 gnolls
  A white imp (D:8)
  7 oozes (D:4)
  An adder skeleton (D:4)
  3 worms
  2 dart slugs
  12 leopard geckos
  16 orcs
  9 giant cockroaches
  A goblin (D:2)
  3 hobgoblins
  12 jackals
  17 kobolds
  4 quokkas
  2 ball pythons
  6 bats
  7 frilled lizards
  7 rats
169 creatures vanquished.

Vanquished Creatures (others)
  7 fungi
  A plant (D:6)
  6 toadstools (D:4)
14 creatures vanquished.

Grand Total: 183 creatures vanquished

Notes
Turn   | Place    | Note
-------+----------+-------------------------------------------
     0 | D:1      | hawla the Draconian Conjurer began the quest for the Orb.
     0 | D:1      | Reached XP level 1. HP: 14/14 MP: 3/3
   235 | D:1      | Reached skill level 1 in Fighting
   297 | D:1      | Reached XP level 2. HP: 23/23 MP: 1/5
   300 | D:1      | Learned a level 2 spell: Searing Ray
  1129 | D:2      | Reached XP level 3. HP: 20/28 MP: 0/7
  1413 | D:2      | Reached XP level 4. HP: 19/35 MP: 1/9
  1722 | D:2      | Learned a level 4 spell: Iskenderun's Mystic Blast
  1871 | D:2      | Reached XP level 5. HP: 30/40 MP: 4/11
  2505 | D:2      | Reached skill level 1 in Translocations
  2932 | D:3      | Noticed a wyvern
  2939 | D:3      | Killed a wyvern
  2940 | D:3      | Reached skill level 1 in Throwing
  2940 | D:3      | Reached XP level 6. HP: 32/47 MP: 2/13
  3416 | D:3      | Noticed Ijyb
  3424 | D:3      | Killed Ijyb
  3772 | D:3      | Reached skill level 5 in Spellcasting
  4026 | D:4      | Reached skill level 1 in Evocations
  4056 | D:4      | Reached skill level 5 in Conjurations
  4056 | D:4      | Gained mutation: You have large cloven feet. [potion of
                  | mutation]
  4056 | D:4      | Gained mutation: You are frail. (-10% HP) [potion of
                  | mutation]
  4056 | D:4      | Gained mutation: You are dopey. (Int -2) [potion of
                  | mutation]
  4056 | D:4      | Gained mutation: You have an increased reservoir of magic.
                  | (+10% MP) [potion of mutation]
  4060 | D:4      | HP: 3/63 [quokka (3)]
  4097 | D:4      | Your scales start taking on a golden yellow colour.
  4097 | D:4      | Reached XP level 7. HP: 29/46 MP: 2/16
  4097 | D:4      | Gained mutation: You are resistant to acid. (rCorr) [Yellow
                  | Draconian growth]
  4582 | D:4      | Found a glowing drain.
  5059 | D:5      | Entered Level 5 of the Dungeon
  5265 | D:5      | Reached XP level 8. HP: 26/53 MP: 13/18
  5604 | D:5      | Found a blossoming altar of Fedhas.
  5606 | D:5      | Found a runed translucent door.
  5606 | D:5      | Noticed Gadfly's ghost (novice FoAK)
  5964 | D:5      | Reached skill level 5 in Translocations
  6874 | D:6      | Reached skill level 1 in Staves
  7267 | D:6      | Noticed Edmund
  7289 | D:6      | Killed Edmund
  7415 | D:6      | Reached XP level 9. HP: 57/57 MP: 16/21
  7474 | D:6      | Noticed Dowan
  7664 | D:6      | Found a runed translucent gate.
  7668 | D:6      | Found a runed translucent gate.
  7669 | D:6      | Found a runed translucent gate.
  7669 | D:6      | Noticed SturgillTurtle's ghost (novice MiFi)
  7732 | D:6      | Noticed Duvessa
  7746 | D:6      | Killed Dowan
  7748 | D:6      | Killed Duvessa
  7927 | D:6      | Found an ornate altar of the Wu Jian Council.
  7998 | D:6      | Found a sparkling altar of Nemelex Xobeh.
  8222 | D:7      | Found a staircase to the Ecumenical Temple.
  8231 | Temple   | Entered the Ecumenical Temple
  8358 | D:7      | Found a white marble altar of Elyvilon.
  8404 | D:7      | Found a radiant altar of Vehumet.
  8413 | D:7      | Became a worshipper of Vehumet
  8500 | D:7      | Found a glowing silver altar of Zin.
  9077 | D:8      | Found a hazy altar of Hepliaklqana.
  9198 | D:8      | Killed from afar by an electric eel

Illustrated notes

Levels and vault maps discovered:
D:1:      evilmike_arrival_crescent, layout_rooms, minmay_pentomino_o2
D:2:      layout_basic
D:3:      layout_basic, grunt_decor_cap, uniq_ijyb
D:4:      cheibrodos_fertilizer, layout_rooms, gup_sewer_entry_pipe
D:5:      wad_crossroads, layout_cave_pools, nicolae_overflow_hidden_temple,
          ebering_ghost_inner_flame
D:6:      layout_cave_pools, pdpol_wu_jian_five_deadly_venoms, kennysheep_mini,
          gammafunk_ghost_nasty_kobolds, grunt_ministairs_13, uniq_edmund,
          uniq_duvessa
D:7:      layout_basic, overflow_temple_1_default,
          nicolae_overflow_crystal_walls, marbit_many_paths,
          minmay_temple_entry_tees, kennysheep_generic_room_12
D:8:      layout_loops_corners, nzn_hepliaklqana_mist_gate, serial_bayou,
          serial_bayou_pond_d, serial_bayou_lagoon_b, serial_bayou_crossing,
          serial_bayou_shore_b, ebering_ghost_gozag, nicolae_ossuary_entry_giza,
          basic_altar, uniq_prince_ribbit1, uniq_pikel, uniq_harold,
          uniq_maurice
Temple:   cyrus_circular_temple

Skill      XL: |  1  2  3  4  5  6  7  8  9 |
---------------+----------------------------+-----
Dodging        | 2 |  2.0
Fighting       | 1 |  1.0
Spellcasting   | 3 4 5 6 7 |  7.3
Translocations | 2 4 5 6 |  6.3
Throwing       | 1 |  1.0
Evocations     | 1 |  1.0
Conjurations   | 5 6 7 |  7.6
Staves         | 2 3 |  3.1
Stealth        | |  1.7

Action                   |  1- 3 |  4- 6 |  7- 9 || total
-------------------------+-------+-------+-------++-------
Melee: Unarmed           |    45 |       |       ||    45
       Tailslap          |     2 |     1 |     1 ||     4
       Morningstar       |     9 |     3 |       ||    12
       Quarterstaff      |       |    23 |    58 ||    81
       Kick              |       |       |    12 ||    12
 Cast: Magic Dart        |    39 |    40 |    56 ||   135
       Searing Ray       |     9 |    34 |    59 ||   102
       Iskenderun's Myst |       |       |    14 ||    14
  Use: Scroll            |     2 |     5 |     4 ||    11
       Potion            |       |     5 |       ||     5
 Stab: Sleeping          |       |       |     1 ||     1
Armor: Skin              |    33 |    29 |    48 ||   110
Dodge: Dodged            |    67 |    34 |   117 ||   218
